Map: Apotheosis LE

Players

Fropez

  • Race: Protoss Protoss
  • League: Gold
  • Spawn Location: 5:00

HorseMaster - Winner!

  • Race: Protoss Protoss
  • League: Gold
  • Spawn Location: 11:00

VOD

Have the link to the VOD?

Description

Time

  • Played on: Oct. 30, 2016, 6:08 p.m.
  • Length: 11:39
Show
View Real Time Build Order
Export as new Build Order

Fropez Protoss 

Build Orders:  

Get SALT Encoding   

  12  0:01  Probe (Chrono Boost)  
  13  0:14  Probe (Chrono Boost)  
  14  0:18  Pylon  
  14  0:24  Probe (Chrono Boost)  
  15  0:37  Gateway  
  15  0:38  Probe (Chrono Boost)  
  16  0:49  Probe (Chrono Boost)  
  17  0:50  Assimilator  
  17  0:59  Probe (Chrono Boost)  
  18  1:10  Probe (Chrono Boost)  
  19  1:17  Gateway  
  19  1:20  Probe (Chrono Boost)  
  20  1:36  Cybernetics Core  
  20  1:37  Probe (Chrono Boost)  
  21  1:47  Probe (Chrono Boost)  
  21  1:51  Assimilator  
  22  1:58  Probe (Chrono Boost)  
  23  2:02  Gateway  
  23  2:09  Probe (Chrono Boost)  
  23  2:15  Warp Gate (Chrono Boost)  
  23  2:21  Pylon  
  23  2:39  Adept x2, Mothership Core  
  29  2:56  Twilight Council  
  29  2:59  Pylon  
  29  3:00  Probe  
  30  3:12  Probe  
  31  3:17  Adept x3  
  37  3:21  Pylon  
  37  3:24  Probe  
  38  3:32  Resonating Glaives (Chrono Boost)  
  38  3:36  Probe  
  39  3:54  Pylon  
  39  4:12  Probe  
  40  4:26  Nexus  
  39  4:34  Stalker x2  
  33  5:16  Stalker x2  
  33  5:17  Stalker  
  33  5:20  Blink (Chrono Boost)  
  39  5:24  Gateway  
  39  5:26  Gateway  
  39  5:30  Probe  
  41  5:42  Probe  
  41  5:49  Probe  
  42  6:09  Stalker  
  42  6:10  Stalker x2  
  45  6:26  Stalker x2  
  47  6:40  Stalker x3  
  47  6:44  Pylon  
  47  6:46  Pylon  
  49  6:52  Stalker x2  
  41  7:04  Stalker x3  
  45  7:12  Probe  
  45  7:13  Probe  
  47  7:21  Stalker  
  47  7:22  Probe  
  49  7:27  Assimilator  
  49  7:29  Pylon  
  50  7:33  Probe  
  49  7:42  Forge  
  49  7:49  Stalker x3  
  49  7:50  Stalker x2  
  57  8:03  Probe  
  57  8:04  Probe  
  59  8:14  Probe, Stalker x3  
  59  8:18  Probe  
  67  8:26  Protoss Ground Weapons Level 1 (Chrono Boost)  
  67  8:33  Stalker  
  69  8:37  Stalker  
  71  8:43  Probe  
  71  8:45  Mothership Core  
  71  8:47  Assimilator  
  74  8:59  Pylon  
  74  9:03  Probe  
  74  9:05  Probe  
  76  9:22  Forge  
  76  9:24  Gateway  
  74  9:41  Stalker x2  
  74  9:42  Stalker x3  
  84  9:56  Probe  
  84  9:58  Robotics Facility  
  85  10:13  Pylon  
  85  10:16  Pylon  
  85  10:23  Pylon  
  79  10:32  Pylon  
  43  10:52  Stalker x5  
  38  11:20  Stalker x5  
Show
View Real Time Build Order
Export as new Build Order

HorseMaster Protoss - Winner!

Build Orders: Oracle Opening 

Get SALT Encoding   

  12  0:02  Probe (Chrono Boost)  
  13  0:13  Probe (Chrono Boost)  
  14  0:18  Pylon  
  14  0:27  Probe (Chrono Boost)  
  15  0:30  Assimilator  
  15  0:47  Probe (Chrono Boost)  
  16  0:50  Gateway  
  16  0:57  Probe (Chrono Boost)  
  17  1:08  Probe (Chrono Boost)  
  19  1:18  Probe (Chrono Boost)  
  19  1:19  Assimilator  
  19  1:29  Probe (Chrono Boost)  
  20  1:39  Probe (Chrono Boost)  
  21  1:42  Zealot (Chrono Boost)  
  21  1:44  Cybernetics Core  
  23  1:50  Pylon  
  23  2:01  Probe  
  23  2:13  Probe  
  24  2:24  Stargate  
  24  2:27  Probe  
  25  2:33  Warp Gate (Chrono Boost)  
  27  2:40  Stalker  
  27  2:45  Pylon  
  27  2:46  Probe  
  28  3:00  Mothership Core  
  30  3:08  Oracle (Chrono Boost)  
  33  3:28  Probe  
  33  3:30  Pylon  
  34  3:37  Gateway  
  34  3:40  Gateway  
  34  3:52  Nexus  
  34  3:58  Probe  
  35  4:15  Void Ray (Chrono Boost)  
  39  4:40  Probe  
  39  4:45  Protoss Air Weapons Level 1  
  40  4:52  Stalker  
  42  4:56  Void Ray (Chrono Boost)  
  46  5:02  Stalker  
  46  5:05  Stalker  
  43  5:14  Probe  
  43  5:20  Adept  
  45  5:26  Probe x2  
  47  5:38  Probe  
  48  5:45  Probe  
  49  5:52  Void Ray (Chrono Boost)  
  49  5:53  Assimilator  
  53  6:00  Probe  
  53  6:03  Probe  
  54  6:07  Stalker  
  54  6:28  Stalker  
  54  6:29  Void Ray (Chrono Boost)  
  54  6:30  Zealot  
  52  7:07  Void Ray (Chrono Boost), Probe, Stalker  
  51  7:08  Probe  
  51  7:12  Zealot  
  51  7:13  Zealot  
  51  7:14  Assimilator  
  56  7:17  Probe  
  56  7:22  Probe  
  58  7:28  Probe  
  59  7:30  Gateway  
  59  7:34  Probe  
  58  7:38  Probe  
  59  7:46  Probe  
  59  7:50  Robotics Facility  
  58  7:59  Stalker x2  
  62  8:06  Pylon  
  62  8:11  Pylon  
  62  8:22  Probe  
  62  8:24  Probe  
  64  8:31  Stalker x3  
  64  8:33  Probe  
  75  8:41  Immortal (Chrono Boost)  
  75  8:56  Pylon  
  75  9:01  Pylon  
  75  9:11  Stalker  
  75  9:15  Adept x2  
  75  9:16  Warp Prism (Chrono Boost), Adept  
  85  9:22  Probe  
  86  9:47  Immortal (Chrono Boost)  
  90  9:57  Probe  
  90  9:58  Stalker  
  93  10:02  Nexus  
  93  10:17  Pylon  
  93  10:18  Pylon  
  91  10:34  Void Ray  
  83  10:45  Immortal (Chrono Boost)  
  87  11:00  Stalker x2  
  87  11:01  Stalker x2  
Tags
 
League
GoldGold
Matchup
PvP
Replay Pack
From the laptop
Spawn Locations
Cross Positions
Add a new tag
Caveats
  • Supply blocks, unpowered buildings, or Contaminate may cause inaccurate times.
  • Supply counts are checked every 10 seconds.